 Dungeon Crawl Stone Soup version 0.20.0-10-g0535bb4 (webtiles) character file.

3583 MTVSty1e the Cleaver (level 9, -10/83 HPs)
             Began as a Grey Draconian Warper on June 3, 2017.
             Was an Initiate of Makhleb.
             Mangled by a two-headed ogre
             ... wielding a +0 giant club
              (17 damage)
             ... on level 8 of the Dungeon.
             The game lasted 00:11:12 (7375 turns).

MTVSty1e the Cleaver (Grey Draconian Warper)        Turns: 7375, Time: 00:11:13

Health: -10/83     AC: 14    Str: 19    XL:     9   Next: 85%
Magic:  12/12      EV: 12    Int: 13    God:    Makhleb [......]
Gold:   410        SH:  4    Dex: 11    Spells: 12/12 levels left

rFire    . . .     SeeInvis +   G - +4 war axe
rCold    . . .     Gourm    .   C - +0 buckler
rNeg     . . .     Faith    .   (armour unavailable)
rPois    .         Spirit   .   (helmet restricted)
rElec    .         Reflect  .   x - +0 cloak
rCorr    .         Harm     .   (no gloves)
MR       .....                  i - +0 pair of boots
Stlth    +.........             D - amulet of rage
Regen    0.3/turn               j - ring of see invisible
MPRegen  0.2/turn               B - +2 ring of strength

@: very slightly contaminated
A: walk through water, unfitting armour, blink, unbreathing, cold-blooded, AC
+12
a: Blink, Renounce Religion, Evoke Berserk Rage


You were on level 8 of the Dungeon.
You worshipped Makhleb.
Makhleb was noncommittal.
You were not hungry.

You visited 2 branches of the dungeon, and saw 9 of its levels.

You collected 410 gold pieces.

Inventory:

Hand Weapons
 a - a +0 hand axe
 q - a +2 hand axe of draining
 G - a +4 war axe (weapon)
Missiles
 d - 5 tomahawks of dispersal (quivered)
 r - 2 tomahawks
Armour
 i - a +0 pair of boots (worn)
 x - a +0 cloak (worn)
 C - a +0 buckler (worn)
Jewellery
 j - a ring of see invisible (left hand)
 B - a +2 ring of strength (right hand)
 D - an amulet of rage (around neck)
Wands
 e - a wand of lightning (5/15)
 f - a wand of confusion (19/48)
Scrolls
 c - a scroll of blinking
 l - 5 scrolls of identify
 m - 7 scrolls of remove curse
 p - 4 scrolls of teleportation
 u - a scroll of fear
 v - a scroll of enchant weapon
 y - a scroll of magic mapping
 H - a scroll of amnesia
Potions
 g - a potion of flight
 k - 4 potions of agility
 o - 2 potions of brilliance
 s - a potion of haste
 t - a potion of might
 z - a potion of lignification
 A - 5 potions of curing
 E - a potion of heal wounds
Books
 b - a book of Spatial Translocations

   Spells                             Type                      Level
   a - Blink                          Translocation                2
   b - Shroud of Golubria             Charms/Translocation         2
   c - Lesser Beckoning               Translocation                3
   d - Gell's Gravitas                Translocation                3
   e - Teleport Other                 Translocation                3
   f - Passage of Golubria            Translocation                4
 h - Kikubaaqudgha's Almanac of Sinister Arts
   (You found it on level 5 of the Dungeon)

   Spells                             Type                      Level
   a - Animate Skeleton               Necromancy                   1
 F - a book of Geomancy

   Spells                             Type                      Level
   a - Sandblast                      Earth                        1
   b - Passwall                       Transmutation/Earth          2
   c - Stone Arrow                    Conjuration/Earth            3
   d - Petrify                        Transmutation/Earth          4
   e - Lee's Rapid Deconstruction     Earth                        5
Comestibles
 n - 6 meat rations


   Skills:
 + Level 9.2 Fighting
 * Level 11.4 Axes
 - Level 0.8 Throwing
 - Level 2.1 Dodging
 * Level 1.8 Shields
 - Level 2.0 Spellcasting
   Level 3.0 Translocations


You had 12 spell levels left.
You didn't know any spells.

Dungeon Overview and Level Annotations

Branches:
Dungeon (8/15)             Temple (1/1) D:7
   Lair: D:8-11

Altars:
Ashenzari
Dithmenos
Elyvilon
Fedhas
Gozag
Hepliaklqana
Kikubaaqudgha
Makhleb
Nemelex Xobeh
Okawaru
Qazlal
Ru
Sif Muna
Trog
Uskayaw
Vehumet
Yredelemnul
Zin
The Shining One

Annotations:
D:8 1 runed door


Innate Abilities, Weirdness & Mutations

You can walk through water.
Your dull iron-grey scales are very hard. (AC +12)
You cannot fit into any form of body armour.
You can survive without breathing.
You are cold-blooded and may be slowed by cold attacks.
You can translocate small distances at will.


Message History

As you read the scroll of blinking, it crumbles to dust.
A two-headed ogre comes into view. It is wielding two giant clubs.
The two-headed ogre shouts in stereo!
The centaur warrior wields an uncursed shortbow.
The centaur warrior shoots an arrow.
The arrow hits you.
You see here an arrow.
You see here a potion of curing.
A - 5 potions of curing (gained 1)
The centaur warrior shoots an arrow.
The arrow hits you.
A jelly comes into view.
The centaur warrior shoots an arrow.
The arrow hits you!
* * * LOW HITPOINT WARNING * * *
The two-headed ogre barely misses you.
The two-headed ogre hits you with a giant club!
* * * LOW HITPOINT WARNING * * *
You see here an arrow.
There is a stone staircase leading up here.
The jelly quivers.
The two-headed ogre hits you with a giant club!
You die...

#. #o.+ ###..#p5 ##
...#..#$## ..#
......8ยง8# J.#
.......c(# #..## #
##......(######......##
####......p.....J#...
#####.#.#..##..##..#.#
......#...5c((.O@....#
##...#######.##..#.#
#...# #.# ..#
#...#####.... ....
####...............###
.............#.##..#
................ .#.
PPPPPP.......##. ..#
...P.P.####...


You could see a death knight, a centaur warrior, a two-headed ogre, a jelly and
a shadow imp.

Vanquished Creatures
  A two-headed ogre (D:7)
  The ghost of Turgon the Insei, a novice OpWn (D:7)
  Eustachio (D:6)
  Menkaure (D:6)
  Edmund (D:6)
  A sky beast (D:7)
  A phantom (D:8)
  A centaur (D:7)
  A big kobold (D:7)
  2 bullfrogs (D:7)
  6 scorpions
  4 wights (D:8)
  3 howler monkeys (D:7)
  A bullfrog zombie (D:6)
  5 crimson imps
  A quasit (D:7)
  5 hounds
  An orc priest (D:7)
  2 bullfrog skeletons
  3 jellies
  6 orc wizards
  A centaur skeleton (D:6)
  An iguana (D:4)
  7 worker ants
  A hound skeleton (D:7)
  4 gnolls (D:4)
  10 adders
  2 adder zombies (D:5)
  An adder skeleton (D:4)
  2 dart slugs
  5 leopard geckos
  15 orcs
  4 bats
  3 giant cockroaches
  7 goblins
  7 hobgoblins
  8 jackals
  5 kobolds
  3 quokkas
  4 ball pythons
  A ball python skeleton (D:6)
  13 frilled lizards
  A leopard gecko skeleton (D:4)
  A quokka skeleton (D:6)
  6 rats
160 creatures vanquished.

Notes
Turn   | Place    | Note
-------+----------+-------------------------------------------
     0 | D:1      | MTVSty1e the Draconian Warper began the quest for the Orb.
     0 | D:1      | Reached XP level 1. HP: 17/17 MP: 3/3
   519 | D:1      | Reached XP level 2. HP: 19/25 MP: 5/5
  1204 | D:2      | Reached skill level 3 in Axes
  1204 | D:2      | Reached XP level 3. HP: 31/31 MP: 6/6
  1481 | D:2      | Reached XP level 4. HP: 31/38 MP: 7/7
  1485 | D:2      | Found a white marble altar of Elyvilon.
  1485 | D:2      | Found a bloodstained altar of Trog.
  1790 | D:3      | Reached skill level 4 in Axes
  2044 | D:3      | Reached XP level 5. HP: 46/46 MP: 8/8
  2499 | D:4      | Reached skill level 5 in Axes
  2959 | D:4      | Reached XP level 6. HP: 38/53 MP: 9/9
  3367 | D:4      | Reached skill level 6 in Axes
  3385 | D:4      | Reached skill level 5 in Fighting
  3619 | D:5      | Entered Level 5 of the Dungeon
  3637 | D:5      | Your scales start taking on a dull iron-grey colour.
  3637 | D:5      | Reached XP level 7. HP: 58/61 MP: 10/10
  3637 | D:5      | Gained mutation: You can survive without breathing. [Grey Draconian growth]
  3761 | D:5      | Found a hide-covered altar of Uskayaw.
  4139 | D:5      | Found an ancient bone altar of Kikubaaqudgha.
  4145 | D:5      | Found a deep blue altar of Sif Muna.
  4146 | D:5      | Found a radiant altar of Vehumet.
  4148 | D:5      | Identified Kikubaaqudgha's Almanac of Sinister Arts
  4374 | D:6      | Noticed Edmund
  4377 | D:6      | Reached skill level 7 in Axes
  4385 | D:6      | Killed Edmund
  4433 | D:6      | Noticed Eustachio
  4458 | D:6      | Killed Eustachio
  4458 | D:6      | Reached skill level 8 in Axes
  4458 | D:6      | Reached XP level 8. HP: 44/71 MP: 11/11
  4757 | D:6      | Noticed Menkaure
  4766 | D:6      | Killed Menkaure
  5083 | D:6      | Found a sand-covered staircase.
  5262 | D:6      | Found a stormy altar of Qazlal.
  5285 | D:6      | Noticed an air elemental
  5728 | D:7      | Reached skill level 9 in Axes
  6182 | D:7      | Found an opulent altar of Gozag.
  6246 | D:7      | Reached XP level 9. HP: 78/81 MP: 12/12
  6254 | D:7      | Noticed a two-headed ogre
  6266 | D:7      | Killed a two-headed ogre
  6266 | D:7      | Reached skill level 10 in Axes
  6418 | D:7      | Found a staircase to the Ecumenical Temple.
  6453 | Temple   | Entered the Ecumenical Temple
  6487 | Temple   | Became a worshipper of Makhleb the Destroyer
  6650 | D:7      | Noticed Turgon's ghost (novice OpWn)
  6665 | D:7      | Killed Turgon's ghost
  6665 | D:7      | Reached skill level 11 in Axes
  6949 | D:7      | Gained mutation: You can translocate small distances at will. [mutagenic meat]
  7251 | D:8      | Reached skill level 1 in Shields
  7359 | D:8      | Noticed a centaur warrior
  7362 | D:8      | Noticed a death knight
  7364 | D:8      | Found a large runed door.
  7369 | D:8      | Noticed a two-headed ogre
  7375 | D:8      | Mangled by a two-headed ogre

Skill      XL: |  1  2  3  4  5  6  7  8  9 |
---------------+----------------------------+-----
Fighting       | 3 4 5 6 7 9 |  9.2
Axes           | 3 4 5 6 8 9 11 | 11.4
Shields        | 1 |  1.8
Throwing       | |  0.8
Dodging        | |  2.1
Spellcasting   | |  2.0
Translocations | |  3.0

Action                   |  1- 3 |  4- 6 |  7- 9 || total
-------------------------+-------+-------+-------++-------
Melee: Hand axe          |    61 |   112 |       ||   173
       Tailslap          |     3 |    17 |    27 ||    47
       War axe           |       |    41 |   286 ||   327
 Abil: Evoke Berserk Rag |       |       |     2 ||     2
  Use: Scroll            |     1 |       |    18 ||    19
  Eat: Fruit             |     1 |     6 |       ||     7
       Chunk             |       |     2 |     2 ||     4
       Royal jelly       |       |     1 |       ||     1
       Bread ration      |       |       |     2 ||     2
       Meat ration       |       |       |     1 ||     1
Armor: Skin              |    20 |    51 |   123 ||   194
Dodge: Dodged            |    46 |    83 |   175 ||   304
Block: Buckler           |       |       |    21 ||    21
